 Dungeon Crawl Stone Soup version 0.28.0-45-g0d030f2227 (webtiles) character file.

Game seed: 12183434953673402471

1243 zeratav the Insei (level 8, -3/54 HPs)
             Began as an Octopode Transmuter on Apr 10, 2022.
             Slain by an ogre
             ... wielding a +0 giant club
              (16 damage)
             ... on level 6 of the Dungeon.
             The game lasted 00:13:37 (8497 turns).

zeratav the Insei (Octopode Transmuter)             Turns: 8497, Time: 00:13:38

Health: -3/54      AC:  2    Str:  9    XL:     8   Next: 50%
Magic:  7/11       EV: 22    Int: 15    God:
Gold:   306        SH:  0    Dex: 20    Spells: 6/11 levels left

rFire   . . .      SeeInvis .     - Unarmed
rCold   . . .      Faith    .   (shield currently unavailable)
rNeg    . . .      Spirit   .   (helmet currently unavailable)
rPois   x          Reflect  .   (no amulet)
rElec   .          Harm     .   (no ring)
rCorr   .          Rampage  .   (no ring)
Will    .....                   (no ring)
Stlth   +++.......              (no ring)
HPRegen 0.18/turn               (no ring)
MPRegen 0.12/turn               (no ring)
                                (no ring)
                                (no ring)

@: spider-form
A: venomous fangs, almost no armour, (amphibious), 8 rings, tiny, (camouflage
1), (gelatinous body 1), (nimble swimmer 1), (tentacles)
a: End Transformation


You were on level 6 of the Dungeon.
You were a venomous arachnid creature.
You visited 1 branch of the dungeon, and saw 6 of its levels.

You collected 306 gold pieces.


Innate Abilities, Weirdness & Mutations

You are a venomous arachnid creature.
You have poisonous fangs.
You are tiny and dextrous.
Your spellcasting is less reliable in this form.
Your armour is entirely melded.
You are incapable of wielding weapons or throwing items.
You cannot wear most types of armour.
((You are amphibious.))
You can wear up to eight rings at the same time.
((Your skin changes colour to match your surroundings (Stealth+).))
((Your rubbery body absorbs attacks. (AC +1, EV +1)))
((You are camouflaged when in or above water. (Stealth+)))
((You have tentacles for arms and can constrict up to eight enemies at once.))


   Skills:
 + Level 4.1 Fighting
 + Level 4.6 Dodging
 - Level 5.0 Stealth
 * Level 6.7 Unarmed Combat
 - Level 2.0 Spellcasting
 - Level 2.0 Hexes
 + Level 2.8 Transmutations
 + Level 1.5 Ice Magic


You had 6 spell levels left.
You knew the following spells:

 Your Spells              Type           Power      Damage    Failure   Level
a - Spider Form           Tmut/Pois      5%         N/A       58%         3
b - Slow                  Hex            28%        N/A       24%         1
c - Beastly Appendage     Tmut           20%        N/A       19%         1

Your spell library contained the following spells:

 Spells                   Type           Power      Damage    Failure   Level
 Wereblood                Tmut           10%        N/A       26%         2
 Confusing Touch          Hex            7%         N/A       50%         3
 Corpse Rot               Necr/Air       2%         N/A       54%         2
 Poisonous Vapours        Pois/Air       2%         N/A       54%         2
 Static Discharge         Conj/Air       1%         N/A       54%         2
 Frozen Ramparts          Ice            12%        1d3       56%         3
 Gell's Gravitas          Tloc           1%         N/A       75%         3
 Vampiric Draining        Necr           1%         2d6       75%         3
 Ice Form                 Ice/Tmut       8%         N/A       83%         4
 Summon Ice Beast         Ice/Summ       3%         N/A       95%         4
 Alistair's Intoxication  Tmut/Pois      3%         N/A       99%         5
 Lightning Bolt           Conj/Air       0%         1d11      100%        5
 Manifold Assault         Tloc           1%         N/A       100%        5
 Maxwell's Capacitive Co  Air            0%         ∞         100%        8

Inventory:

Missiles
 m - 2 atropa-tipped darts {throwing}
Scrolls
 a - a scroll of immolation {!r!r}
 b - 2 scrolls of amnesia
 c - a scroll of enchant weapon
 e - 2 scrolls of enchant armour
 g - a scroll of teleportation {@r4}
 l - a scroll of holy word {unknown}
Potions
 f - a potion of curing {unknown}
 h - a potion of flight {unknown}
 i - a potion of magic {unknown}

Dungeon Overview and Level Annotations

Branches:
Dungeon (6/15)
 Temple: D:4-7

Altars:
Okawaru

Shops:
D:3 * D:4

*
#.####
#.#
#.#
#.#
#.#
#.#
#.#
#.#
#s#
#O#
#.#
..#
.## ..
#. #.


You could see an ogre (very poisoned).


Message History

MASSIVE DAMAGE!! (PAUSE)
* * * LOW HITPOINT WARNING * * *
You feel extremely sick.
HP[-9]
You take 9 damage, and now have 14/54 hp.
As you read the scroll of teleportation {@r4}, it crumbles to dust.
You feel strangely unstable.
Your transformation has ended.
* * * LOW HITPOINT WARNING * * *
You feel very sick. The gnoll misses you. x2
HP[-6]
You take 6 damage, and now have 8/54 hp.
You feel much better.
* * * LOW HITPOINT WARNING * * *
You feel very sick. The gnoll hits you with a +0 whip!
* * * LOW HITPOINT WARNING * * *
The gnoll hits you from afar with a +2 spear of venom!
* * * LOW HITPOINT WARNING * * *
HP[-5]
You take 5 damage, and now have 3/54 hp.
You feel much better.
You feel very sick. The gnoll hits you but does no damage.
The gnoll hits you from afar with a +2 spear of venom.
* * * LOW HITPOINT WARNING * * *
You are lethally poisoned!
HP[+22]
You regained 22 hp, and now have 25/54 hp.
* * * LOW HITPOINT WARNING * * *
You feel extremely sick.
HP[-7]
You take 7 damage, and now have 18/54 hp.
Your surroundings suddenly seem different.
* * * LOW HITPOINT WARNING * * *
You feel very sick.
HP[-5]
You take 5 damage, and now have 13/54 hp.
* * * LOW HITPOINT WARNING * * *
You feel very sick.
HP[-4]
You take 4 damage, and now have 9/54 hp.
You feel much better.
You feel very sick.
HP[+13] MP[+1]
You regained 13 hp, and now have 22/54 hp.
You feel very sick.
HP[-3]
You take 3 damage, and now have 19/54 hp.
You start resting.
You feel sick. x7
HP[-7] MP[+1]
You take 7 damage, and now have 12/54 hp.
Your mp is fully restored (11).
You start resting.
You feel sick.
You are no longer poisoned.
HP[+42]
Your hp is fully restored (54).
You start waiting.
Done waiting.
You see here a +0 barding.
A jelly comes into view.
Casting: Spider Form (dangerous; 36% risk of failure)
Confirm with . or Enter, or press ? or * to list all spells.
You turn into a venomous arachnid creature.
The jelly quivers.
MP[-3]
You lost 3 mp, and now have 8/11 mp.
You bite the jelly!
Your front legs burn!
The jelly closely misses you.
HP[-3]
You take 3 damage, and now have 51/54 hp.
You hit the jelly.
Your front legs burn!
The jelly completely misses you.
HP[-3]
You take 3 damage, and now have 48/54 hp.
You hit the jelly.
You kill the jelly!
HP[+1]
Your transformation is almost over.
MP[+1] HP[+1]
An ogre comes into view. It is wielding a +0 giant club.
HP[+1]
Your transformation has ended.
The ogre hits you with a +0 giant club!!
HP[-20]
You take 20 damage, and now have 31/54 hp.
MASSIVE DAMAGE!! (PAUSE)
You tentacle-slap the ogre.
Casting: Spider Form (dangerous; 36% risk of failure)
Confirm with . or Enter, or press ? or * to list all spells.
You turn into a venomous arachnid creature.
The ogre hits you with a +0 giant club!!
* * * LOW HITPOINT WARNING * * *
HP[-18] MP[-2]
You take 18 damage, and now have 13/54 hp.
MASSIVE DAMAGE!! (PAUSE)
You lost 2 mp, and now have 7/11 mp.
You hit the ogre but do no damage.
The ogre is poisoned.
The ogre hits you with a +0 giant club!
You die...

Skill      XL: |  1  2  3  4  5  6  7  8 |
---------------+-------------------------+-----
Stealth        | 1 2 3 5 |  5.0
Fighting       | 2 3 4 |  4.1
Unarmed Combat | 4 5 6 |  6.7
Hexes          | 1 2 |  2.0
Dodging        | 3 4 |  4.6
Ice Magic      | 1 |  1.5
Spellcasting   | |  2.0
Transmutations | |  2.8

Action                   |  1- 3 |  4- 6 |  7- 9 || total
-------------------------+-------+-------+-------++-------
Melee: Unarmed           |    67 |    69 |   139 ||   275
       Kick              |    16 |    16 |     6 ||    38
       Constrict         |    15 |    14 |    13 ||    42
       Tentacles         |    10 |    12 |    17 ||    39
       Punch             |       |     3 |     4 ||     7
 Cast: Beastly Appendage |    19 |    16 |     8 ||    43
       Spider Form       |       |     3 |    16 ||    19
       Slow              |       |     2 |     2 ||     4
  Use: Potion            |     1 |       |     3 ||     4
       Scroll            |       |       |     5 ||     5
 Stab: Sleeping          |     3 |     9 |     6 ||    18
Armor: Skin              |     4 |     6 |     4 ||    14
Dodge: Dodged            |    39 |    53 |    91 ||   183

Levels and vault maps discovered:
D:1:      minmay_arrival_floating_metal, layout_loops_ring,
          hellmonk_ecumenical_altar_blasted, minmay_pentomino_r2
D:2:      layout_loops_cross
D:3:      layout_rooms, old_standard_altar, serial_bayou, serial_bayou_lagoon_a,
          serial_bayou_pond_d, serial_bayou_pond_d, serial_bayou_crossing,
          serial_bayou_lagoon_b, serial_shops, nicolae_shop_window_shopping
D:4:      layout_basic, serial_shops, nicolae_stop_n_shop_1,
          kennysheep_crisscross
D:5:      layout_cave_pools
D:6:      layout_loops_ring, uniq_duvessa

Notes
Turn   | Place    | Note
-------+----------+-------------------------------------------
     0 | D:1      | zeratav the Octopode Transmuter began the quest for the
                  | Orb.
     0 | D:1      | Reached XP level 1. HP: 13/13 MP: 3/3
     0 | D:1      | magus.rc [v1.9.6]
    30 | D:1      | Found a faded altar of an unknown god.
   217 | D:1      | HP: 3/13 [kobold/+0 short sword (3)]
   219 | D:1      | Reached XP level 2. HP: 5/18 MP: 5/5
   473 | D:1      | You pick up a book of Rime and begin reading...
   473 | D:1      | You add the spells Frozen Ramparts and Summon Ice Beast to
                  | your library.
   542 | D:1      | Reached skill level 1 in Stealth
  1203 | D:1      | Reached XP level 3. HP: 23/23 MP: 4/6
  1535 | D:2      | You pick up a book of Vapours and begin reading...
  1535 | D:2      | You add the spells Poisonous Vapours and Corpse Rot to your
                  | library.
  1567 | D:2      | HP: 5/23 [adder (3)]
  1569 | D:2      | HP: 2/23 [poisoned by an adder]
  1807 | D:2      | You pick up a book of Debilitation and begin reading...
  1807 | D:2      | You add the spells Slow, Vampiric Draining and Confusing
                  | Touch to your library.
  1883 | D:2      | Reached skill level 2 in Stealth
  1883 | D:2      | Reached XP level 4. HP: 28/29 MP: 5/7
  1986 | D:2      | You add the spells Gell's Gravitas, Manifold Assault and
                  | Alistair's Intoxication to your library.
  1986 | D:2      | Got the Grimoire of Quantum Poison
  2225 | D:2      | Learned a level 1 spell: Slow
  2387 | D:3      | Found Oddyu's General Store.
  2524 | D:3      | Noticed an ogre
  2530 | D:3      | Learned a level 3 spell: Spider Form
  2546 | D:3      | Killed an ogre
  2547 | D:3      | Reached skill level 2 in Fighting
  2547 | D:3      | Reached skill level 4 in Unarmed Combat
  2547 | D:3      | Reached XP level 5. HP: 11/34 MP: 4/8
  2768 | D:3      | Reached skill level 1 in Hexes
  2773 | D:3      | Found an iron altar of Okawaru.
  2794 | D:3      | Reached skill level 3 in Dodging
  3292 | D:3      | Reached skill level 3 in Stealth
  3483 | D:4      | Noticed a black bear
  3690 | D:4      | Killed a black bear
  3691 | D:4      | Reached XP level 6. HP: 37/41 MP: 6/9
  3943 | D:4      | HP: 10/41 [poisoned by a scorpion]
  4326 | D:4      | Reached skill level 5 in Unarmed Combat
  4326 | D:4      | Reached skill level 2 in Hexes
  4326 | D:4      | Reached XP level 7. HP: 27/45 MP: 7/10
  4450 | D:4      | Found Rosegisu's General Store.
  4468 | D:4      | Reached skill level 4 in Stealth
  4674 | D:4      | Reached skill level 3 in Fighting
  5027 | D:4      | You pick up a book of Lightning and begin reading...
  5027 | D:4      | You add the spells Static Discharge, Lightning Bolt and
                  | Maxwell's Capacitive Coupling to your library.
  5146 | D:5      | Entered Level 5 of the Dungeon
  5409 | D:4      | HP: 10/46 [phantom (5)]
  5411 | D:4      | HP: 1/46 [phantom (9)]
  5413 | D:4      | Reached skill level 4 in Dodging
  5912 | D:4      | HP: 9/43 [necrophage (4)]
  6404 | D:5      | Reached skill level 5 in Stealth
  6404 | D:5      | Reached skill level 6 in Unarmed Combat
  6501 | D:5      | Reached XP level 8. HP: 43/54 MP: 5/11
  6668 | D:5      | Reached skill level 1 in Ice Magic
  7010 | D:5      | Reached skill level 4 in Fighting
  8096 | D:6      | HP: 8/54 [poisoned by a gnoll]
  8097 | D:6      | HP: 3/54 [gnoll/+2 spear of venom (9)]
  8108 | D:6      | HP: 13/54 [poisoned by a gnoll]
  8496 | D:6      | HP: 13/54 [ogre/+0 giant club (18)]
  8497 | D:6      | Slain by an ogre

Vanquished Creatures
  A black bear (D:4)
  2 ogres
  A necrophage (D:4)
  A centaur (D:5)
  2 phantoms
  A bullfrog (D:4)
  2 scorpions
  A hound (D:5)
  3 jellies
  2 orc priests
  2 iguanas
  An orc wizard (D:6)
  A hound skeleton (D:5)
  4 gnolls
  10 adders
  A white imp (D:6)
  4 worms
  A dart slug (D:2)
  6 orcs
  5 ball pythons
  4 endoplasms
  3 giant cockroaches
  8 goblins
  3 hobgoblins
  A quokka (D:2)
  5 bats
  3 frilled lizards
  10 kobolds
  3 rats
91 creatures vanquished.

Vanquished Creatures (others)
  A plant (D:3)
1 creature vanquished.

Grand Total: 92 creatures vanquished

Table legend:
 A = Non-vault XP
 B = Vault XP
 C = Vault XP percentage of total XP
 D = Non-vault monster count
 E = Vault monster count
 F = Vault count percentage of total count
                 A         B        C        D         E       F
            +---------+---------+-------+---------+---------+-------
      Total |    1775 |       2 |   0.1 |      90 |       1 |   1.1
            +---------+---------+-------+---------+---------+-------
        D:1 |      32 |       2 |   5.9 |      20 |       1 |   4.8
        D:2 |      63 |       0 |   0.0 |      13 |       0 |   0.0
        D:3 |     174 |       0 |   0.0 |      14 |       0 |   0.0
        D:4 |     733 |       0 |   0.0 |      19 |       0 |   0.0
        D:5 |     612 |       0 |   0.0 |      15 |       0 |   0.0
        D:6 |     161 |       0 |   0.0 |       9 |       0 |   0.0
            +---------+---------+-------+---------+---------+-------

Illustrated notes

Table legend:
 A = Kills in this place as a percentage of kills in entire the game.
 B = Kills by you in this place as a percentage of kills by you in the entire game.
 C = Kills by friends in this place as a percentage of kills by friends in the entire game.
 D = Other kills in this place as a percentage of other kills in the entire game.
 E = Experience gained in this place as a percentage of experience gained in the entire game.
 F = Experience gained in this place divided by the number of levels of this place that you have seen.
                   A       B       C       D       E      F
               +-------+-------+-------+-------+-------+----------------------
         Total | 100.0 | 100.0 |   N/A |   N/A | 100.0 | 296.2
       Dungeon | 100.0 | 100.0 |   N/A |   N/A | 100.0 | 296.2
               +-------+-------+-------+-------+-------+----------------------

Table legend: (Time is in decaauts)
 A = Elapsed time spent in this place.
 B = Non-inter-level travel time spent in this place.
 C = Inter-level travel time spent in this place.
 D = Time resting spent in this place.
 E = Time spent auto-exploring this place.
 F = Levels seen in this place.
 G = Mean time per level.
                   A        B        C        D        E       F      G
               +--------+--------+--------+--------+--------+-----+--------+
         Total |   8476 |   8409 |     67 |   3640 |   3416 |   6 | 1412.7 |
       Dungeon |   8476 |   8409 |     67 |   3640 |   3416 |   6 | 1412.7 |
               +--------+--------+--------+--------+--------+-----+--------+

Top non-repeatable levels by time:
     D:4: 2610 daAuts
     D:1: 1456 daAuts
     D:5: 1411 daAuts
     D:3: 1399 daAuts
     D:6: 831 daAuts
     D:2: 768 daAuts
